 Dungeon Crawl Stone Soup version 0.25-a0-558-g78a2afb0af (webtiles) character file.

Game seed: 10264471357171758655, levelgen mode: deterministic

90 An17 the Ruffian (level 4, 0/40 HPs)
             Began as a Ghoul Monk on Feb 25, 2020.
             Killed from afar by a dart slug (1 damage)
             ... with a slug dart
             ... on level 3 of the Dungeon.
             The game lasted 00:04:49 (1512 turns).

An17 the Ruffian (Ghoul Monk)                       Turns: 1512, Time: 00:04:49

Health: 0/40       AC: 10    Str: 15    XL:     4   Next: 56%
Magic:  3/3        EV:  4    Int:  5    God:
Gold:   127        SH:  0    Dex: 11    Spells: 3/3 levels left

rFire    + . .     SeeInvis +     - Unarmed
rCold    + + .     Gourm    .   (no shield)
rNeg     + + +     Faith    .   c - +0 plate armour
rPois    ∞         Spirit   .   (no helmet)
rElec    .         Reflect  .   f - scarf {rC+ rF+}
rCorr    .         Harm     .   (no gloves)
MR       +....                  (no boots)
Stlth    ..........             (no amulet)
HPRegen  0.00/turn              h - ring of see invisible
MPRegen  0.08/turn              k - ring of protection from magic

@: rotting
A: rotting body, claws 1, carnivore, cold resistance 1, negative energy
resistance 3, inhibited regeneration, torment resistance, unbreathing
a: no special abilities


You were on level 3 of the Dungeon.
You were not hungry.

You visited 1 branch of the dungeon, and saw 3 of its levels.

You collected 127 gold pieces.

Inventory:

Armour
 a - a +0 robe
 c - a +0 plate armour (worn)
 f - a scarf of resistance (worn)
Jewellery
 h - a ring of see invisible (left claw)
 k - a ring of protection from magic (right claw)
Scrolls
 j - a scroll of teleportation
 m - a scroll of remove curse
Potions
 e - a potion of flight
 l - a potion of brilliance {unknown}
 n - a potion of degeneration {unknown}
Comestibles
 b - 4 rations
 g - 4 chunks of flesh


   Skills:
 * Level 3.7 Fighting
 + Level 1.1 Armour
 - Level 2.6 Dodging
 - Level 2.1 Stealth
 * Level 5.1 Unarmed Combat


You had 3 spell levels left.
You didn't know any spells.
Your spell library was empty.

Dungeon Overview and Level Annotations

Branches:
Dungeon (3/15)

Altars:


Innate Abilities, Weirdness & Mutations

Your body is rotting away.
You thrive on raw meat.
You are immune to poison.
You have sharp fingernails.
You are carnivorous and can eat meat at any time.
Your flesh is cold resistant. (rC+)
You are immune to negative energy. (rN+++)
You do not regenerate when monsters are visible.
You are immune to unholy pain and torment.
You can survive without breathing.


Message History

The gnoll is heavily wounded.
The gnoll barely misses you. x2
You closely miss the gnoll.
The gnoll is heavily wounded.
The gnoll hits you but does no damage.
You scratch the gnoll.
The gnoll is severely wounded.
The gnoll hits you from afar with a +1 vampiric halberd.
The gnoll hits you but does no damage.
Your plate armour prevents you from hitting the gnoll.
The gnoll is severely wounded.
The gnoll hits you from afar with a +1 vampiric halberd!
* * * LOW HITPOINT WARNING * * *
The gnoll hits you but does no damage.
You claw the gnoll!
You kill the gnoll!
The gnoll hits you but does no damage. The dart slug launches a dart at you.
The slug dart hits you.
You die...

....#...#.#.#....##
##g#.#...#.#.#.....#####
#.#.#...#.#.#.....'....
#.#.#...#.#.#...÷.#####
#.#.#...#g#.#.....#
##.#.#w###.#.#.....#
.....#.# #.#.#.....#
#...###g#.#.....#####
#.#.@...#..........(.
#.#.#################
#........# .......
###.####.# ####### #÷# #
#.# #.# # #.# #.# # #.#
#.# ######## #.# #.#
........


You could see a gnoll and a dart slug.

Vanquished Creatures
  A gnoll (D:3)
  3 adders
  A worm (D:2)
  2 dart slugs
  3 leopard geckos
  4 bats
  2 giant cockroaches (D:2)
  4 goblins (D:2)
  3 hobgoblins
  4 jackals (D:2)
  7 kobolds
  A quokka (D:2)
  A frilled lizard (D:2)
  7 rats
43 creatures vanquished.

Notes
Turn   | Place    | Note
-------+----------+-------------------------------------------
     0 | D:1      | An17 the Ghoul Monk began the quest for the Orb.
     0 | D:1      | Reached XP level 1. HP: 19/19 MP: 0/0
   178 | D:1      | Reached XP level 2. HP: 24/26 MP: 1/1
   601 | D:1      | Reached skill level 4 in Unarmed Combat
   806 | D:2      | Reached XP level 3. HP: 31/31 MP: 2/2
  1009 | D:2      | Reached XP level 4. HP: 36/40 MP: 3/3
  1440 | D:3      | Reached skill level 1 in Armour
  1440 | D:3      | Reached skill level 5 in Unarmed Combat
  1506 | D:3      | HP: 1/40 [gnoll/+1 vampiric halberd (13)]
  1512 | D:3      | Killed from afar by a dart slug

Levels and vault maps discovered:
D:1:      dpeg_arrival_chambers_temple_mockup, layout_basic, chequers_avenue,
          chequers_serial_rivers_marsh, hangedman_decor_slide_cut,
          minmay_small_reverse_x
D:2:      layout_rooms, minmay_tetromino_s4
D:3:      layout_basic, gammafunk_temple_overflow_wave,
          overflow_temple_1_default, uniq_sigmund

Skill      XL: |  1  2  3  4 |
---------------+-------------+-----
Unarmed Combat | 4 5 |  5.1
Armour         | 1 |  1.1
Fighting       | |  3.7
Dodging        | |  2.6
Stealth        | |  2.1

Action                   |  1- 3 |  4- 6 || total
-------------------------+-------+-------++-------
Melee: Unarmed           |   124 |    28 ||   152
  Use: Scroll            |     5 |     2 ||     7
       Potion            |       |     2 ||     2
  Eat: Chunk             |     7 |     5 ||    12
Armor: Plate armour      |   126 |    23 ||   149
Dodge: Dodged            |    40 |     7 ||    47

Table legend:
 A = Non-vault XP
 B = Vault XP
 C = Vault XP percentage of total XP
 D = Non-vault monster count
 E = Vault monster count
 F = Vault count percentage of total count
                 A         B        C        D         E       F
            +---------+---------+-------+---------+---------+-------
      Total |     116 |      13 |  10.1 |      37 |       6 |  14.0
            +---------+---------+-------+---------+---------+-------
        D:1 |      16 |       9 |  36.0 |       9 |       4 |  30.8
        D:2 |      69 |       4 |   5.5 |      24 |       2 |   7.7
        D:3 |      31 |       0 |   0.0 |       4 |       0 |   0.0
            +---------+---------+-------+---------+---------+-------
